Map: Triton LE

Players

SilentStrikE

  • Race: Terran Terran
  • League: Diamond
  • Spawn Location: 5:00

AilakFTW - Winner!

  • Race: Protoss Protoss
  • League: Diamond
  • Spawn Location: 11:00

VOD

Have the link to the VOD?

Description

Time

  • Played on: Oct. 21, 2019, 8:56 p.m.
  • Length: 8:54
Show
View Real Time Build Order
Export as new Build Order

SilentStrikE Terran 

Build Orders: Reaper Expand 

Get SALT Encoding   

  12  0:00  SCV  
  13  0:13  SCV  
  14  0:17  Supply Depot  
  14  0:25  SCV  
  15  0:39  SCV  
  15  0:40  Barracks  
  16  0:44  Refinery  
  16  0:51  SCV  
  17  1:03  SCV  
  18  1:15  SCV  
  19  1:27  Reaper  
  19  1:28  Orbital Command  
  20  1:40  Command Center  
  20  1:48  Refinery  
  20  1:54  SCV  
  21  2:00  Reaper  
  22  2:02  Supply Depot  
  22  2:06  SCV  
  23  2:24  SCV  
  23  2:26  Factory  
  24  2:34  Barracks Tech Lab  
  24  2:38  SCV  
  24  2:50  SCV  
  25  2:58  Orbital Command  
  24  3:02  Barracks Reactor, SCV  
  25  3:15  Siege Tank  
  28  3:20  SCV  
  28  3:21  Barracks  
  28  3:23  Barracks  
  30  3:34  Orbital Command  
  28  3:48  Siege Tank  
  31  3:51  Marine x2  
  33  4:02  SCV  
  34  4:04  SCV  
  34  4:09  Barracks Tech Lab, Marine x2  
  37  4:10  Barracks Tech Lab  
  37  4:11  Barracks Reactor  
  37  4:14  SCV  
  37  4:16  Starport  
  38  4:19  Supply Depot  
  39  4:26  SCV  
  39  4:35  Cyclone  
  39  4:36  Marine  
  39  4:37  Stimpack, Marine  
  44  4:38  Marine  
  45  4:48  Marine x2  
  45  4:50  SCV  
  45  4:52  Starport Reactor  
  48  4:54  Marine  
  48  4:55  Supply Depot  
  48  4:58  Supply Depot, Engineering Bay  
  49  5:00  Marine x2  
  49  5:06  Marine  
  51  5:08  Marine  
  51  5:11  Siege Tank  
  51  5:12  Orbital Command  
  54  5:16  Marine  
  55  5:21  Supply Depot  
  55  5:23  Supply Depot, SCV  
  56  5:34  Marine x3  
  59  5:35  SCV  
  59  5:37  Medivac  
  62  5:43  SCV  
  62  5:48  SCV  
  64  5:55  SCV  
  65  5:59  Missile Turret, Marine x4  
  65  6:00  SCV  
  65  6:04  Medivac  
  72  6:07  SCV  
  72  6:11  Siege Tank  
  76  6:12  SCV  
  77  6:19  Supply Depot, SCV  
  77  6:24  Supply Depot, SCV  
  79  6:30  Combat Shield, Marine x3  
  79  6:31  SCV  
  83  6:36  SCV  
  83  6:38  Refinery  
  83  6:39  Refinery  
  84  6:41  Marine x2  
  84  6:43  SCV  
  84  6:45  Siege Tank  
  90  6:48  SCV, Marine  
  90  6:52  Supply Depot  
  92  6:59  SCV  
  93  7:09  Marine  
  93  7:10  Marine x3  
  93  7:11  Command Center  
  97  7:16  Barracks  
  97  7:19  Barracks  
  97  7:40  Marine x3  
  97  7:41  SCV x2  
  100  7:53  SCV x2  
  82  8:05  SCV x2  
  69  8:07  Marine x5  
  69  8:10  Barracks Tech Lab x2  
  69  8:11  Siege Tank  
  65  8:26  Orbital Command  
  65  8:30  Marauder x2  
  65  8:31  Marauder  
  71  8:35  SCV x2  
  81  8:43  Supply Depot  
Show
View Real Time Build Order
Export as new Build Order

AilakFTW Protoss - Winner!

Build Orders:  

Get SALT Encoding   

  12  0:00  Probe  
  13  0:13  Probe  
  14  0:20  Pylon  
  14  0:25  Probe  
  15  0:38  Gateway  
  15  0:40  Probe (Chrono Boost)  
  16  0:48  Assimilator  
  17  0:51  Probe (Chrono Boost)  
  17  0:55  Assimilator  
  17  0:56  Probe (Chrono Boost)  
  18  1:06  Gateway  
  18  1:09  Probe  
  19  1:22  Probe  
  20  1:27  Cybernetics Core  
  20  1:34  Probe  
  20  1:39  Pylon  
  21  1:46  Probe  
  22  2:02  Stalker x2 (Chrono Boost)  
  22  2:05  Warp Gate  
  26  2:24  Stalker x2  
  30  2:45  Pylon  
  30  3:03  Nexus  
  30  3:04  Probe  
  31  3:13  Gateway  
  31  3:16  Probe  
  32  3:26  Robotics Facility  
  32  3:28  Probe  
  33  3:40  Probe  
  34  3:52  Probe  
  35  3:59  Stalker  
  37  4:04  Probe  
  37  4:05  Pylon  
  37  4:06  Pylon  
  38  4:15  Observer  
  40  4:17  Probe (Chrono Boost)  
  40  4:20  Probe (Chrono Boost)  
  41  4:28  Probe (Chrono Boost)  
  41  4:30  Probe (Chrono Boost)  
  43  4:33  Probe (Chrono Boost)  
  43  4:35  Assimilator, Probe (Chrono Boost)  
  43  4:36  Observer  
  46  4:38  Assimilator  
  46  4:41  Pylon  
  46  4:43  Probe  
  47  4:46  Probe  
  47  4:50  Stalker  
  50  4:53  Stalker  
  50  4:55  Probe  
  50  4:59  Probe  
  54  5:07  Probe  
  54  5:11  Probe  
  56  5:19  Probe  
  57  5:22  Stalker x2  
  57  5:23  Probe  
  57  5:24  Twilight Council  
  62  5:34  Probe  
  62  5:35  Probe  
  64  5:46  Probe  
  64  5:47  Probe  
  64  5:49  Robotics Bay  
  66  5:51  Gateway  
  66  5:53  Gateway  
  66  5:54  Gateway  
  66  5:58  Pylon  
  66  6:04  Observer  
  66  6:06  Probe  
  66  6:07  Charge (Chrono Boost), Probe  
  69  6:11  Zealot  
  69  6:12  Zealot x2  
  69  6:17  Pylon  
  69  6:18  Pylon  
  75  6:26  Observer (Chrono Boost)  
  76  6:33  Extended Thermal Lance  
  76  6:34  Zealot  
  76  6:35  Zealot x2  
  82  6:42  Robotics Facility  
  82  6:43  Colossus (Chrono Boost)  
  88  7:00  Zealot x2  
  92  7:01  Zealot  
  92  7:02  Zealot  
  96  7:17  Zealot x2  
  100  7:24  Zealot  
  100  7:28  Observer  
  102  7:32  Pylon  
  102  7:33  Pylon  
  102  7:36  Pylon  
  102  7:38  Pylon  
  102  7:49  Colossus  
  108  7:53  Zealot x6  
  94  8:16  Zealot x2  
  94  8:17  Zealot x4  
  112  8:38  Zealot x3  
  112  8:41  Nexus  
  118  8:42  Pylon  
Tags
 
Add a new tag
Caveats
  • Supply blocks, unpowered buildings, or Contaminate may cause inaccurate times.
  • Supply counts are checked every 10 seconds.